3L
CAPITAL DISTRICT RED KNIGHTS @ SEATTLE AVIATORS
06/21/2023
 
TOP OF THE 1ST
Capital District Red Knights batting - Pitching for Seattle Aviators : LHP Dan Mitchell
Pitching: LHP Dan Mitchell
Batting: RHB Manny Carbajal 0-0: Ball
1-0: Foul Ball, location: 2F
1-1: Foul Ball, location: 2F
1-2: Ball
2-2: Strikes out swinging
Batting: RHB Shawn Hicks 0-0: Ground out 1-3 (Groundball, 23)
Batting: RHB Tom Christensen 0-0: Ball
1-0: Called Strike
1-1: Swinging Strike
1-2: Ball
2-2: Ball
3-2: Base on Balls
Batting: RHB Louis Henderson 0-0: Foul Ball, location: 2F
0-1: Ball
1-1: Called Strike
1-2: Foul Ball, location: 2F
1-2: DOUBLE (Line Drive, 7LM)
Tom Christensen to third
Batting: LHB Leonardo López 0-0: Ball
1-0: Reached on error, E4 (Groundball, 34)
Tom Christensen scores
Louis Henderson to third
Batting: RHB Martin Young 0-0: Called Strike
0-1: Ball
1-1: Fielders Choice at 2nd, 5-4 (Groundball, 56)
Top of the 1st over - 1 run(s), 1 hit(s), 1 error(s), 1 left on base; Capital District 1 - Seattle 0
BOTTOM OF THE 1ST
Seattle Aviators batting - Pitching for Capital District Red Knights : RHP Héctor Alarcon
Pitching: RHP Héctor Alarcon
Batting: RHB Vernon Caw 0-0: Foul Ball, location: 2F
0-1: Swinging Strike
0-2: Strikes out swinging
Batting: RHB Brian Williams 0-0: Called Strike
0-1: Ball
1-1: Foul Ball, location: 2F
1-2: Strikes out swinging
Batting: RHB Sean Davis 0-0: Ball
1-0: Ball
2-0: Foul Ball, location: 2F
2-1: Ground out 6-3 (Groundball, 6)
Bottom of the 1st over - 0 run(s), 0 hit(s), 0 error(s), 0 left on base; Capital District 1 - Seattle 0
TOP OF THE 2ND
Capital District Red Knights batting - Pitching for Seattle Aviators : LHP Dan Mitchell
Batting: LHB Arturo Hernández 0-0: Ball
1-0: Called Strike
1-1: Foul Ball, location: 2F
1-2: Strikes out swinging
Batting: RHB Jason Weston 0-0: Swinging Strike
0-1: Ball
1-1: Ground out 6-3 (Groundball, 6)
Batting: LHB Arturo Acosta 0-0: Called Strike
0-1: Called Strike
0-2: Ball
1-2: Foul Ball, location: 2F
1-2: Ball
2-2: SINGLE (Line Drive, 6M)
Batting: RHB Manny Carbajal 0-0: Called Strike
0-1: Ball
1-1: Ball
2-1: Foul Ball, location: 2F
2-2: Strikes out swinging
Top of the 2nd over - 0 run(s), 1 hit(s), 0 error(s), 1 left on base; Capital District 1 - Seattle 0
BOTTOM OF THE 2ND
Seattle Aviators batting - Pitching for Capital District Red Knights : RHP Héctor Alarcon
Batting: LHB Jorge Mojica 0-0: Called Strike
0-1: Ball
1-1: Fly out, F5 (Popup, 5SF)
Batting: RHB Tanyu Kimura 0-0: Foul Ball, location: 2F
0-1: Swinging Strike
0-2: Ball
1-2: SINGLE (Line Drive, 6MD)
Batting: RHB Kenzaburo Hori 0-0: Ball
1-0: Swinging Strike
1-1: Foul Ball, location: 2F
1-2: Ground out 4-3 (Groundball, 13)
Tanyu Kimura to second
Batting: LHB Ramón García 0-0: Foul Ball, location: 2F
0-1: Fly out, F7 (Flyball, 7M)
Bottom of the 2nd over - 0 run(s), 1 hit(s), 0 error(s), 1 left on base; Capital District 1 - Seattle 0
TOP OF THE 3RD
Capital District Red Knights batting - Pitching for Seattle Aviators : LHP Dan Mitchell
Batting: RHB Shawn Hicks 0-0: Ball
1-0: Foul Ball, location: 2F
1-1: Ball
2-1: Foul Ball, location: 2F
2-2: Ball
3-2: Strikes out swinging
Batting: RHB Tom Christensen 0-0: Foul Ball, location: 2F
0-1: Fly out, F4 (Line Drive, 4)
Batting: RHB Louis Henderson 0-0: Ball
1-0: Ball
2-0: Foul Ball, location: 2F
2-1: SOLO HOME RUN (Flyball, 7D), Distance : 370 ft
Batting: LHB Leonardo López 0-0: Called Strike
0-1: Ball
1-1: Ball
2-1: SINGLE (Groundball, 6MD)
Batting: RHB Martin Young 0-0: Ball
1-0: Foul Ball, location: 2F
1-1: Ball
2-1: SINGLE (Groundball, 6D)
Leonardo López to second
Batting: LHB Arturo Hernández 0-0: Foul Ball, location: 2F
0-1: Ball
1-1: Ball
2-1: Ball
3-1: Base on Balls
Leonardo López to third
Martin Young to second
Batting: RHB Jason Weston 0-0: Foul Ball, location: 2F
0-1: Foul Ball, location: 2F
0-2: Ground out 5-3 (Groundball, 15S)
Top of the 3rd over - 1 run(s), 3 hit(s), 0 error(s), 3 left on base; Capital District 2 - Seattle 0
BOTTOM OF THE 3RD
Seattle Aviators batting - Pitching for Capital District Red Knights : RHP Héctor Alarcon
Batting: LHB Kenny Webster 0-0: Ball
1-0: Called Strike
1-1: Called Strike
1-2: Ball
2-2: Ball
3-2: Base on Balls
Batting: RHB Clarence Fox 0-0: Ball
1-0: Foul Ball, location: 2F
1-1: Called Strike
1-2: Ground out 4-3 (Groundball, 4M)
Kenny Webster to second
Batting: RHB Vernon Caw 0-0: Ball
1-0: SINGLE (Groundball, 4MD)
Kenny Webster to third
Runner from 3rd tries for Home, SAFE, throw made home
Batting: RHB Brian Williams 0-0: Foul Ball, location: 2F
0-1: Fielders Choice at 2nd, 5-4 (Groundball, 5L)
Batting: RHB Sean Davis 0-0: Ball
1-0: Fly out, F4 (Line Drive, 4)
Bottom of the 3rd over - 1 run(s), 1 hit(s), 0 error(s), 1 left on base; Capital District 2 - Seattle 1
TOP OF THE 4TH
Capital District Red Knights batting - Pitching for Seattle Aviators : LHP Dan Mitchell
Batting: LHB Arturo Acosta 0-0: Fly out, F9 (Flyball, 89XD)
Batting: RHB Manny Carbajal 0-0: Foul Ball, location: 2F
0-1: SINGLE (Line Drive, 6D)
Batting: RHB Shawn Hicks 0-0: Foul Ball, location: 2F
0-1: Ball
1-1: Swinging Strike
1-2: Foul Ball, location: 2F
1-2: Ball
2-2: Ball
3-2: SINGLE (Line Drive, 6MD)
Manny Carbajal to second
Batting: RHB Tom Christensen 0-0: Called Strike
0-1: Ball
1-1: Grounds into double play, 4-6-3 (Groundball, 4M)
Top of the 4th over - 0 run(s), 2 hit(s), 0 error(s), 1 left on base; Capital District 2 - Seattle 1
BOTTOM OF THE 4TH
Seattle Aviators batting - Pitching for Capital District Red Knights : RHP Héctor Alarcon
Batting: LHB Jorge Mojica 0-0: Ball
1-0: Ball
2-0: Ball
3-0: Base on Balls
Batting: RHB Tanyu Kimura 0-0: Called Strike
0-1: Foul Ball, location: 2F
0-2: Ball
1-2: Ball
2-2: Ball
3-2: Base on Balls
Jorge Mojica to second
Batting: RHB Kenzaburo Hori 0-0: Ball
1-0: Foul Ball, location: 2F
1-1: Called Strike
1-2: Foul Ball, location: 2F
1-2: Strikes out looking
Batting: LHB Ramón García 0-0: Called Strike
0-1: Called Strike
0-2: Fly out, F7 (Flyball, 78XD)
Runner from 2nd tags up, SAFE at 3rd, no throw
Batting: LHB Kenny Webster 0-0: Called Strike
0-1: Swinging Strike
0-2: Ball
1-2: Ball
2-2: SINGLE (Line Drive, 89M)
Jorge Mojica scores
Tanyu Kimura to second
Batting: RHB Clarence Fox 0-0: Ball
1-0: Ground out 6-3 (Groundball, 6)
Bottom of the 4th over - 1 run(s), 1 hit(s), 0 error(s), 2 left on base; Capital District 2 - Seattle 2
TOP OF THE 5TH
Capital District Red Knights batting - Pitching for Seattle Aviators : LHP Dan Mitchell
Batting: RHB Louis Henderson 0-0: Foul Ball, location: 2F
0-1: Swinging Strike
0-2: Ground out U3 (Groundball, 3)
Batting: LHB Leonardo López 0-0: Ball
1-0: Ball
2-0: TRIPLE (Line Drive, 9LS)
Batting: RHB Martin Young 0-0: Foul Ball, location: 2F
0-1: Foul Ball, location: 2F
0-2: Ball
1-2: Ball
2-2: Foul Ball, location: 2F
2-2: Ball
3-2: Base on Balls
Batting: LHB Arturo Hernández 0-0: Ball
1-0: Called Strike
1-1: Ball
2-1: Ball
3-1: Swinging Strike
3-2: Strikes out swinging
Batting: RHB Jason Weston 0-0: Ball
1-0: Foul Ball, location: 2F
1-1: Fly out, F7 (Flyball, 7M)
Top of the 5th over - 0 run(s), 1 hit(s), 0 error(s), 2 left on base; Capital District 2 - Seattle 2
BOTTOM OF THE 5TH
Seattle Aviators batting - Pitching for Capital District Red Knights : RHP Héctor Alarcon
Batting: RHB Vernon Caw 0-0: Swinging Strike
0-1: Ball
1-1: Reached on error, E5 (Groundball, 5L)
Batting: RHB Brian Williams 0-0: Ground out 6-3 (Groundball, 6M)
Vernon Caw to third
Batting: RHB Sean Davis 0-0: Ball
1-0: Called Strike
1-1: Ball
2-1: SINGLE (Groundball, 4MD)
Vernon Caw scores
Batting: LHB Jorge Mojica 0-0: Foul Ball, location: 2F
0-1: SINGLE (Groundball, 3L)
Sean Davis to second
Runner from 2nd tries for 3rd, SAFE, throw made to third
Jorge Mojica to second
Batting: RHB Tanyu Kimura 0-0: Ground out 6-3 (Groundball, 6M)
Batting: RHB Kenzaburo Hori 0-0: Ball
1-0: Ball
2-0: Called Strike
2-1: SINGLE (Groundball, 34)
Sean Davis scores
Jorge Mojica to third
Runner from 3rd tries for Home, SAFE, throw made home
Kenzaburo Hori to second
Batting: LHB Ramón García 0-0: DOUBLE (Line Drive, 9LS)
Kenzaburo Hori scores
Batting: LHB Kenny Webster 0-0: Called Strike
0-1: Ball
1-1: Ball
2-1: SINGLE (Line Drive, 4D)
Ramón García to third
Runner from 3rd tries for Home, SAFE, no throw or cutoff
Pitching: RHP Reynaldo Díaz
Batting: RHB Clarence Fox 0-0: Foul Ball, location: 2F
0-1: Ball
1-1: Called Strike
1-2: Strikes out swinging
Bottom of the 5th over - 5 run(s), 5 hit(s), 1 error(s), 1 left on base; Capital District 2 - Seattle 7
TOP OF THE 6TH
Capital District Red Knights batting - Pitching for Seattle Aviators : LHP Dan Mitchell
Batting: LHB Arturo Acosta 0-0: SINGLE (Line Drive, 6M)
Pitching: RHP George Ricker
Batting: RHB Manny Carbajal 0-0: Foul Ball, location: 2F
0-1: Ball
1-1: Called Strike
1-2: 2-RUN HOME RUN (Flyball, 7LD), Distance : 328 ft
Batting: RHB Shawn Hicks 0-0: Called Strike
0-1: Bunt missed!
0-2: Ball
1-2: Ground out 1-3 (Groundball, 13)
Batting: RHB Tom Christensen 0-0: Ball
1-0: Ball
2-0: Ball
3-0: Called Strike
3-1: Fly out, F6 (Line Drive, 6)
Batting: RHB Louis Henderson 0-0: Swinging Strike
0-1: Hit by Pitch
Batting: LHB Leonardo López 0-0: Foul Ball, location: 2F
0-1: Ball
Louis Henderson steals 2nd base
1-1: 2-RUN HOME RUN (Flyball, 9D), Distance : 359 ft
Batting: RHB Martin Young 0-0: Ball
1-0: Ball
2-0: Foul Ball, location: 2F
2-1: Fly out, F4 (Popup, 4MD)
Top of the 6th over - 4 run(s), 3 hit(s), 0 error(s), 0 left on base; Capital District 6 - Seattle 7
BOTTOM OF THE 6TH
Seattle Aviators batting - Pitching for Capital District Red Knights : RHP Reynaldo Díaz
Batting: RHB Vernon Caw 0-0: Ball
1-0: Ball
2-0: Foul Ball, location: 2F
2-1: Ball
3-1: SINGLE (Flyball, 8RS)
Batting: RHB Brian Williams 0-0: Ball
1-0: Called Strike
1-1: Called Strike
1-2: Ball
2-2: Ball
3-2: Base on Balls
Vernon Caw to second
Batting: RHB Sean Davis 0-0: Ground out 5-3 (Groundball, 6)
Vernon Caw to third
Brian Williams to second
Batting: LHB Jorge Mojica 0-0: Ball
1-0: Ball
2-0: Ball
3-0: Called Strike
3-1: Base on Balls
Batting: RHB Tanyu Kimura 0-0: Ball
1-0: Foul Ball, location: 2F
1-1: Ball
2-1: Foul Ball, location: 2F
2-2: Foul Ball, location: 2F
2-2: SINGLE (Groundball, 34D)
Vernon Caw scores
Brian Williams to third
Jorge Mojica to second
Runner from 3rd tries for Home, SAFE, throw made home
Jorge Mojica to third
Tanyu Kimura to second
Batting: RHB Kenzaburo Hori 0-0: Ball
1-0: DOUBLE (Line Drive, 9LS)
Jorge Mojica scores
Tanyu Kimura scores
Pitching: RHP César Rivera
Batting: LHB Ramón García 0-0: Ground out 4-3 (Groundball, 34)
Kenzaburo Hori to third
Batting: LHB Kenny Webster 0-0: Ball
1-0: Ball
2-0: Ball
3-0: Called Strike
3-1: Base on Balls
Batting: RHB Clarence Fox 0-0: Called Strike
0-1: Ball
1-1: Ball
2-1: Fielders Choice at 2nd, 5-4 (Groundball, 5)
Bottom of the 6th over - 4 run(s), 3 hit(s), 0 error(s), 1 left on base; Capital District 6 - Seattle 11
TOP OF THE 7TH
Capital District Red Knights batting - Pitching for Seattle Aviators : RHP George Ricker
Pitching: RHP Chris Schaefer
Batting: LHB Arturo Hernández 0-0: Called Strike
0-1: Ball
1-1: SINGLE (Groundball, 6MD) (infield hit)
Batting: RHB Jason Weston 0-0: Fielders Choice at 2nd, 1-6 (Groundball, 23)
Batting: LHB Arturo Acosta Error on foul ball, E2
0-1: Ball
1-1: Foul Ball, location: 2F
1-2: Foul Ball, location: 2F
1-2: Foul Ball, location: 2F
1-2: Ball
2-2: Ball
3-2: Foul Ball, location: 2F
3-2: Strikes out swinging
Batting: RHB Manny Carbajal 0-0: Ball
1-0: Ground out 1-3 (Groundball, 15S)
Top of the 7th over - 0 run(s), 1 hit(s), 1 error(s), 1 left on base; Capital District 6 - Seattle 11
BOTTOM OF THE 7TH
Seattle Aviators batting - Pitching for Capital District Red Knights : RHP César Rivera
Batting: RHB Vernon Caw 0-0: Called Strike
0-1: Ball
1-1: Ball
2-1: Ground out 6-3 (Groundball, 6)
Batting: RHB Brian Williams 0-0: Ball
1-0: Called Strike
1-1: Ball
2-1: Foul Ball, location: 2F
2-2: Foul Ball, location: 2F
2-2: Ball
3-2: SINGLE (Line Drive, 9S)
Batting: RHB Sean Davis 0-0: Ball
1-0: Ball
2-0: Ball
3-0: Base on Balls
Brian Williams to second
Batting: LHB Jorge Mojica 0-0: DOUBLE (Line Drive, 8RD)
Brian Williams scores
Sean Davis to third
Runner from 3rd tries for Home, SAFE, no throw or cutoff
Batting: RHB Tanyu Kimura 0-0: Fly out, F9 (Flyball, 9LS)
Batting: RHB Kenzaburo Hori 0-0: Called Strike
0-1: Foul Ball, location: 2F
0-2: Ball
1-2: Ball
2-2: Ball
3-2: Foul Ball, location: 2F
3-2: SINGLE (Groundball, 4MD)
Jorge Mojica to third
Jorge Mojica scores
Batting: LHB Ramón García 0-0: Ball
1-0: Called Strike
1-1: Called Strike
1-2: Ground out 6-3 (Groundball, 6)
Bottom of the 7th over - 3 run(s), 3 hit(s), 0 error(s), 1 left on base; Capital District 6 - Seattle 14
TOP OF THE 8TH
Capital District Red Knights batting - Pitching for Seattle Aviators : RHP Chris Schaefer
Batting: RHB Shawn Hicks 0-0: Ball
1-0: Called Strike
1-1: Ball
2-1: Ground out 5-3 (Groundball, 56S)
Batting: RHB Tom Christensen 0-0: Called Strike
0-1: Ball
1-1: Ball
2-1: Ground out 5-3 (Groundball, 56)
Batting: RHB Louis Henderson 0-0: Fly out, F9 (Flyball, 9LS)
Top of the 8th over - 0 run(s), 0 hit(s), 0 error(s), 0 left on base; Capital District 6 - Seattle 14
BOTTOM OF THE 8TH
Seattle Aviators batting - Pitching for Capital District Red Knights : RHP César Rivera
Batting: LHB Kenny Webster 0-0: Ball
1-0: Foul Ball, location: 2F
1-1: Foul Ball, location: 2F
1-2: Foul Ball, location: 2F
1-2: Foul Ball, location: 2F
1-2: SOLO HOME RUN (Flyball, 8LXD), Distance : 430 ft
Batting: RHB Clarence Fox 0-0: Called Strike
0-1: Ball
1-1: Ball
2-1: Foul Ball, location: 2F
2-2: Strikes out looking
Batting: RHB Vernon Caw 0-0: Foul Ball, location: 2F
0-1: Swinging Strike
0-2: Foul Ball, location: 2F
0-2: Ball
1-2: Ball
2-2: Ball
3-2: Fly out, F7 (Flyball, 78D)
Batting: RHB Brian Williams 0-0: Called Strike
0-1: Ball
1-1: Ball
2-1: Ground out 1-3 (Groundball, 23)
Bottom of the 8th over - 1 run(s), 1 hit(s), 0 error(s), 0 left on base; Capital District 6 - Seattle 15
TOP OF THE 9TH
Capital District Red Knights batting - Pitching for Seattle Aviators : RHP Chris Schaefer
Now at 3B: Tynan Hawkins
Batting: LHB Leonardo López 0-0: Ball
1-0: Ground out 4-3 (Groundball, 4)
Batting: RHB Martin Young 0-0: Ball
1-0: Ball
2-0: Foul Ball, location: 2F
2-1: Swinging Strike
2-2: Strikes out looking
Batting: LHB Arturo Hernández 0-0: Foul Ball, location: 2F
0-1: Ball
1-1: Ball
2-1: Foul Ball, location: 2F
2-2: SINGLE (Groundball, 25) (infield hit)
Batting: RHB Jason Weston 0-0: Called Strike
0-1: Ball
1-1: Foul Ball, location: 2F
1-2: Strikes out swinging
Top of the 9th over - 0 run(s), 1 hit(s), 0 error(s), 1 left on base; Capital District 6 - Seattle 15
This league is powered by Out of the Park Baseball, the baseball management simulation game for PC, Mac and Linux
Friday, July 8th, 2016 - OOTP Baseball 16.9 Build 39